 Dungeon Crawl Stone Soup version 0.26-a0-642-g67e99244d3 (webtiles) character file.

Game seed: 1043963394912371324

3905 DogServant the Martial Artist (level 10, -2/84 HPs)
             Began as a Pale Draconian Transmuter on Sept 22, 2020.
             Was a Believer of Makhleb.
             Slain by Grum
             ... wielding a +1 spear
              (6 damage)
             ... on level 7 of the Dungeon.
             The game lasted 00:22:25 (12756 turns).

DogServant the Martial Artist (DrTm)               Turns: 12756, Time: 00:22:26

Health: -2/84      AC:  7    Str: 13    XL:     10   Next: 0%
Magic:  12/15      EV: 14    Int: 13    God:    Makhleb [**....]
Gold:   488        SH:  0    Dex: 15    Spells: 2/15 levels left

rFire    . . .     SeeInvis .     - Unarmed
rCold    . . .     Faith    .   (no shield)
rNeg     + . .     Spirit   .   (armour unavailable)
rPois    .         Reflect  .   (helmet restricted)
rElec    .         Harm     .   (no cloak)
rCorr    .         Rampage  .   (no gloves)
MR       .....                  (no boots)
Stlth    +.........             (no amulet)
HPRegen  0.24/turn              o - ring of wizardry
MPRegen  0.14/turn              i - ring of positive energy

@: wereblooded (expiring)
A: breathe steam, unfitting armour, cold-blooded, AC +7
a: Breathe Steam, Minor Destruction, Renounce Religion


You were on level 7 of the Dungeon.
You worshipped Makhleb.
Makhleb was pleased with you.
You visited 1 branch of the dungeon, and saw 8 of its levels.

You collected 488 gold pieces.

Inventory:

Missiles
 b - 5 poisoned darts (quivered)
 y - 4 atropa-tipped darts
Jewellery
 i - a ring of positive energy (right hand)
 m - an uncursed ring of positive energy
 o - a ring of wizardry (left hand)
 s - an uncursed ring of protection from cold {unknown}
 x - an uncursed amulet of regeneration
Wands
 p - a wand of paralysis (15)
Scrolls
 c - 2 scrolls of teleportation
 e - 3 scrolls of remove curse
 g - a scroll of fog
 k - 3 scrolls of immolation
 l - a scroll of enchant armour {unknown}
 t - a scroll of holy word {unknown}
 u - 2 scrolls of fear {unknown}
 v - 2 scrolls of blinking {unknown}
 w - a scroll of noise {unknown}
Potions
 d - 5 potions of brilliance
 f - 2 potions of magic
 h - 3 potions of might
 j - a potion of stabbing
 q - 2 potions of lignification
 r - a potion of berserk rage {unknown}


   Skills:
 - Level 6.6 Fighting
 - Level 4.5 Dodging
 + Level 9.0 Unarmed Combat
 - Level 3.3 Spellcasting
 - Level 4.0 Hexes
 + Level 5.2 Transmutations
 + Level 3.0 Ice Magic
 - Level 3.2 Poison Magic


You had 2 spell levels left.
You knew the following spells:

 Your Spells              Type           Power        Failure   Level
a - Beastly Appendage     Tmut           ###...       1%          1
b - Spider Form           Tmut/Pois      ##........   4%          3
c - Confusing Touch       Hex            ##......     5%          3
d - Wereblood             Tmut           ###.....     1%          2
e - Ice Form              Ice/Tmut       ##......     16%         4

Your spell library contained the following spells:

 Spells                   Type           Power        Failure   Level
 Corona                   Hex            ##.....      1%          1
 Ensorcelled Hibernation  Hex/Ice        ##....       3%          2
 Tukima's Dance           Hex            ##......     5%          3
 Dazzling Flash           Conj/Hex       #.....       12%         3
 Blade Hands              Tmut           ###.......   26%         5
 Silence                  Hex/Air        #.........   69%         5
 Borgnjor's Vile Clutch   Necr/Erth      #.........   91%         5
 Shadow Creatures         Summ           N/A          100%        6


Dungeon Overview and Level Annotations

Branches:
Dungeon (8/15)             Temple (0/1) D:6
   Lair: D:8-11

Altars:
Ashenzari
Cheibriados
Hepliaklqana
Kikubaaqudgha
Makhleb
Qazlal
Ru
Trog
Vehumet

Annotations:
D:7 Grum


Innate Abilities, Weirdness & Mutations

You can breathe blasts of scalding, opaque steam.
Your pale cyan-grey scales are hard. (AC +7)
You cannot fit into any form of body armour.
You are cold-blooded and may be slowed by cold attacks.


Message History

Your transformation has ended.
Grum hits you with a +1 spear!!
* * * LOW HITPOINT WARNING * * *
You hit Grum.
Grum is lightly wounded.
Grum lets out an intimidating howl.
Grum barely misses you.
You hit Grum.
Grum is lightly wounded.
You howl as the wereblood boils in your veins!
Grum barely misses you.
You punch Grum!
Grum is heavily wounded.
Grum hits you with a +1 spear.
* * * LOW HITPOINT WARNING * * *
You hit Grum. You tail-slap Grum.
Grum is severely wounded.
Grum growls, "You're dog chow, DogServant!"
Grum hits you with a +1 spear.
You die...

#.....#####[.#.##..####
......####..####..##
.......##..........##
.......#............#
....................#
###..#..............#
####..##.........##
#.(..###...g###
#..........@)>#
#.#..(.[.##.###
#.#.#...#####
#.._.....# ###.#....#
#.....## ####.## ###


You could see Grum.

Vanquished Creatures
  2 hippogriffs
  Sigmund (D:2)
  A water moccasin (D:5)
  A sky beast (D:7)
  2 phantoms
  An ice beast (D:5)
  A necrophage (D:8)
  2 wolves (D:7)
  2 ogres
  3 centaurs
  A big kobold (D:6)
  A bullfrog (D:7)
  2 gnoll sergeants (D:7)
  2 scorpions
  5 killer bees
  5 wights (D:7)
  3 howler monkeys (D:7)
  4 bullfrog zombies
  2 centaur zombies
  4 hounds
  A quasit (D:8)
  6 orc wizards
  3 bullfrog skeletons
  3 orc priests (D:7)
  2 centaur skeletons
  2 iguanas
  Ijyb (D:4)
  Jessica (D:2)
  7 worker ants
  A hound skeleton (D:8)
  A worker ant zombie (D:7)
  12 gnolls
  A river rat (D:6)
  7 adders
  A shadow imp (D:7)
  3 white imps
  An ufetubus (D:5)
  An adder zombie (D:5)
  An ooze (D:1)
  2 adder skeletons
  A worm (D:2)
  3 dart slugs
  3 leopard geckos
  17 orcs
  3 giant cockroaches
  21 goblins
  7 hobgoblins
  6 jackals
  3 quokkas
  6 ball pythons
  3 bats
  3 frilled lizards
  9 kobolds
  A leopard gecko zombie (D:5)
  10 rats
198 creatures vanquished.

Notes
Turn   | Place    | Note
-------+----------+-------------------------------------------
     0 | D:1      | DogServant the Draconian Transmuter began the quest for the
                  | Orb.
     0 | D:1      | Reached XP level 1. HP: 16/16 MP: 3/3
   161 | D:1      | Reached XP level 2. HP: 15/23 MP: 3/5
   568 | D:1      | Reached XP level 3. HP: 23/29 MP: 4/6
  1034 | D:2      | Reached skill level 4 in Unarmed Combat
  1045 | D:2      | Noticed Sigmund
  1385 | D:1      | HP: 1/29 [rat (1)]
  1710 | D:2      | Found a hazy altar of Hepliaklqana.
  1756 | D:2      | Reached XP level 4. HP: 34/37 MP: 5/7
  1920 | D:2      | Found a burning altar of Makhleb.
  1968 | D:2      | Became a worshipper of Makhleb the Destroyer
  2300 | D:3      | Reached skill level 5 in Unarmed Combat
  2302 | D:3      | Reached XP level 5. HP: 26/45 MP: 6/8
  3387 | D:4      | Noticed Ijyb
  3391 | D:4      | Paralysed by Ijyb for 7 turns
  3410 | D:4      | Killed Ijyb
  3410 | D:4      | Reached XP level 6. HP: 46/52 MP: 7/9
  3587 | D:4      | Reached skill level 6 in Unarmed Combat
  3904 | D:4      | Found a snail-covered altar of Cheibriados.
  5044 | D:5      | Entered Level 5 of the Dungeon
  5048 | D:5      | Noticed an ice beast
  5053 | D:5      | Your scales start taking on a pale cyan-grey colour.
  5053 | D:5      | Reached XP level 7. HP: 60/60 MP: 7/10
  5583 | D:4      | Learned a level 3 spell: Spider Form
  5586 | D:4      | Learned a level 2 spell: Ensorcelled Hibernation
  5589 | D:4      | Learned a level 2 spell: Wereblood
  5730 | D:5      | Reached skill level 5 in Fighting
  5878 | D:5      | Reached * piety under Makhleb
  5878 | D:5      | Reached skill level 1 in Poison Magic
  6207 | D:5      | Reached XP level 8. HP: 44/69 MP: 9/12
  6328 | D:5      | Learned a level 3 spell: Confusing Touch
  6359 | D:5      | Reached skill level 7 in Unarmed Combat
  7774 | D:2      | Noticed Jessica
  7780 | D:2      | Killed Jessica
  7836 | D:2      | Killed Sigmund
  8102 | D:2      | Found a bloodstained altar of Trog.
  8103 | D:2      | Found a stormy altar of Qazlal.
  8133 | D:2      | Learned a level 4 spell: Ice Form
  8409 | D:6      | Reached skill level 1 in Hexes
  8930 | D:6      | Found a staircase to the Ecumenical Temple.
  8947 | D:6      | Found a sacrificial altar of Ru.
  9129 | D:6      | Found a radiant altar of Vehumet.
  9727 | D:7      | Noticed a hippogriff
  9746 | D:6      | Killed a hippogriff
  9746 | D:6      | Reached skill level 8 in Unarmed Combat
  9746 | D:6      | Reached XP level 9. HP: 34/75 MP: 12/14
 10370 | D:7      | Reached ** piety under Makhleb
 10672 | D:7      | Reached skill level 1 in Ice Magic
 11285 | D:7      | Found a shattered altar of Ashenzari.
 11476 | D:8      | Found an ancient bone altar of Kikubaaqudgha.
 12469 | D:8      | Reached skill level 5 in Transmutations
 12722 | D:8      | Noticed Grum
 12740 | D:7      | Reached skill level 9 in Unarmed Combat
 12749 | D:7      | Reached XP level 10. HP: 26/84 MP: 11/15
 12755 | D:7      | HP: 4/84 [Grum/+1 spear (6)]
 12756 | D:7      | Slain by Grum

Illustrated notes

Levels and vault maps discovered:
D:1:      grunt_arrival_lava_bath, layout_rooms
D:2:      layout_basic, old_standard_altar, minitemple, bloody_makhleb,
          uniq_jessica, uniq_sigmund
D:3:      layout_basic, minmay_quantized
D:4:      layout_loops_ring, kennysheep_little_box, uniq_ijyb
D:5:      kennysheep_windowed_halls, layout_cave_pools,
          hangedman_decor_opposing, minmay_ogre_servants
D:6:      layout_basic, overflow_temple_1_default,
          nicolae_overflow_hidden_temple, minmay_temple_entry_junction_2,
          portal_sewer_entry_a
D:7:      layout_cave_pools, ashenzari_altar_1
D:8:      minmay_the_grid_octo_tiled_octocenter [minmay_the_grid_octo_77,
          minmay_the_grid_octo_teeth, minmay_the_grid_octo_vomiting_pacman,
          minmay_the_grid_octo_checkered,
          minmay_the_grid_octo_prize_single_spiral,
          minmay_the_grid_square_5x5_two, minmay_the_grid_square_5x5_percent,
          minmay_the_grid_square_5x5_shuriken,
          minmay_the_grid_square_5x5_dogpile], layout_rooms,
          overflow_temple_1_default, roderic_serpentine_path,
          hangedman_pestilent_swarm, uniq_grum

Skill      XL: |  1  2  3  4  5  6  7  8  9 |
---------------+----------------------------+-----
Unarmed Combat | 4 5 6 8 9 |  9.0
Fighting       | 2 3 4 5 6 |  6.6
Dodging        | 2 3 4 |  4.5
Poison Magic   | 1 3 |  3.2
Transmutations | 4 5 |  5.2
Spellcasting   | 3 |  3.3
Hexes          | 2 4 |  4.0
Ice Magic      | 3 |  3.0

Action                   |  1- 3 |  4- 6 |  7- 9 | 10-12 || total
-------------------------+-------+-------+-------+-------++-------
Melee: Unarmed           |   115 |   141 |   452 |     5 ||   713
       Headbutt          |    10 |    23 |    55 |       ||    88
       Kick              |    16 |    34 |    82 |       ||   132
       Tailslap          |    10 |    16 |    33 |     1 ||    60
       Punch             |     1 |     2 |    17 |       ||    20
Throw: Dart              |       |       |     8 |       ||     8
 Cast: Beastly Appendage |    17 |    26 |    49 |       ||    92
       Wereblood         |       |       |     3 |       ||     3
       Spider Form       |       |       |    11 |       ||    11
       Confusing Touch   |       |       |     5 |       ||     5
 Abil: Breathe Steam     |       |       |     1 |       ||     1
  Use: Scroll            |       |     6 |    11 |       ||    17
       Potion            |       |     1 |     4 |       ||     5
 Stab: Confused          |       |       |     2 |       ||     2
Armor: Skin              |    46 |    39 |    92 |       ||   177
Dodge: Dodged            |    92 |    71 |   400 |     4 ||   567

Table legend: (Time is in decaauts)
 A = Elapsed time spent in this place.
 B = Non-inter-level travel time spent in this place.
 C = Inter-level travel time spent in this place.
 D = Time resting spent in this place.
 E = Time spent auto-exploring this place.
 F = Levels seen in this place.
 G = Mean time per level.
                   A        B        C        D        E       F      G
               +--------+--------+--------+--------+--------+-----+--------+
         Total |  12688 |  12092 |    596 |   5843 |   4537 |   8 | 1586.0 |
       Dungeon |  12688 |  12092 |    596 |   5843 |   4537 |   8 | 1586.0 |
               +--------+--------+--------+--------+--------+-----+--------+

Top non-repeatable levels by time:
     D:4: 2577 daAuts
     D:5: 2169 daAuts
     D:7: 2142 daAuts
     D:6: 1741 daAuts
     D:1: 1625 daAuts
     D:2: 1072 daAuts
     D:3: 1021 daAuts
     D:8: 339 daAuts
